 Dungeon Crawl Stone Soup version 0.28.0-1-gb440e238dd (webtiles) character file.

Game seed: 4455885672733311966

133487 Kaptain the Geomancer (level 17, -30/148 HPs)
             Began as an Octopode Earth Elementalist on Feb 21, 2022.
             Annihilated by a naga warrior (39 damage)
             ... on level 3 of the Snake Pit.
             The game lasted 02:15:33 (52134 turns).

Kaptain the Geomancer (OpEE)                       Turns: 52134, Time: 02:15:33

Health: -30/148    AC: 15    Str:  8    XL:     17   Next: 14%
Magic:  14/34      EV: 20    Int: 31    God:
Gold:   3104       SH:  0    Dex: 10    Spells: 13/42 levels left

rFire   + . .      SeeInvis +   (weapon currently unavailable)
rCold   + + +      Faith    .   (shield currently unavailable)
rNeg    . . .      Spirit   .   (helmet currently unavailable)
rPois   +          Reflect  .   (no amulet)
rElec   +          Harm     .   g - +4 ring of evasion
rCorr   .          Rampage  .   V - ring "Caeparghu" {rElec rF+ Dex-2 Slay+4 SInv}
Will    +....                   x - +6 ring of intelligence
Stlth   +++.......              J - ring of protection from fire
HPRegen 0.34/turn               E - ring of flight
MPRegen 0.24/turn               S - ring of poison resistance
                                X - +4 ring of evasion
                                O - +4 ring of protection

@: ice-form, flying, hasted and slowed
A: freezing attack, boosted hp, almost no armour, amphibious, 8 rings, large,
(camouflage 1), (gelatinous body 1), (nimble swimmer 1), (tentacles)
a: End Transformation


You were on level 3 of the Snake Pit.
You were a creature of crystalline ice.
You visited 6 branches of the dungeon, and saw 28 of its levels.

You collected 3376 gold pieces.
You spent 272 gold pieces at shops.

Inventory:

Hand Weapons
 l - a +1 trident of venom
 t - a +2 scimitar of flaming
 v - the +5 hunting sling "Qysive" {freeze, rC+ MP+9 Int+3 Dex+3}
   (You found it on level 3 of the Snake Pit)

   Any ammunition fired from it freezes those it strikes, dealing additional
   cold damage.
   It can also slow down cold-blooded creatures.
   Int:       It affects your intelligence (+3).
   Dex:       It affects your dexterity (+3).
   rC:        It protects you from cold.
   MP:        It affects your magic capacity (+9).
 P - the +10 mace of Theory {vamp, Str+4 Dex+2 SInv Stlth+}
   (You found it on level 3 of the Lair of Beasts)

   It occasionally heals its wielder for a portion of the damage dealt when it
   wounds a living foe.
   Str:       It affects your strength (+4).
   Dex:       It affects your dexterity (+2).
   SInv:      It lets you see invisible.
   Stlth:     It makes you more stealthy.
Missiles
 f - 89 poisoned darts
 i - 814 stones
 o - 12 silver javelins (quivered)
 s - 6 throwing nets
Armour
 K - a +2 kite shield of reflection (melded)
Magical Staves
 j - a staff of conjuration
 u - a staff of cold (melded)
 y - a staff of earth
Jewellery
 a - an amulet of the acrobat
 g - a +4 ring of evasion (left front paw)
 x - a +6 ring of intelligence (on tentacle)
 E - a ring of flight (on tentacle)
 G - a +6 ring of dexterity
 J - a ring of protection from fire (on tentacle)
 M - a ring of resist corrosion
 O - a +4 ring of protection (on tentacle)
 R - a ring of ice
 S - a ring of poison resistance (on tentacle)
 U - a +6 ring of strength
 V - the ring "Caeparghu" (right front paw) {rElec rF+ Dex-2 Slay+4 SInv}
   (You found it on level 5 of the Lair of Beasts)

   [ring of slaying]

   Dex:       It affects your dexterity (-2).
   Slay:      It affects your accuracy & damage with ranged weapons and melee
   (+4).
   rF:        It protects you from fire.
   rElec:     It insulates you from electricity.
   SInv:      It lets you see invisible.
 X - a +4 ring of evasion (on tentacle)
 Z - a +6 ring of intelligence
Wands
 q - a wand of acid (3)
 r - a wand of flame (34)
 B - a wand of polymorph (20)
 D - a wand of paralysis (8)
 L - a wand of iceblast (4)
 Y - a wand of charming (4)
Scrolls
 b - 6 scrolls of amnesia
 d - a scroll of immolation
 p - 5 scrolls of enchant weapon
 C - a scroll of fear
 I - 9 scrolls of identify
 N - 5 scrolls of teleportation
 Q - 2 scrolls of magic mapping
 T - 5 scrolls of fog
 W - a scroll of holy word
Potions
 c - 5 potions of invisibility
 e - 5 potions of mutation
 h - 4 potions of might
 k - 5 potions of curing
 m - 3 potions of brilliance
 n - a potion of haste
 w - 3 potions of lignification
 z - 3 potions of resistance
 A - a potion of berserk rage
 F - 3 potions of magic
Miscellaneous
 H - a box of beasts


   Skills:
 * Level 13.7 Fighting
 + Level 7.5 Dodging
 - Level 7.3 Stealth
 + Level 8.9 Shields
 * Level 13.2 Spellcasting
 * Level 14.0 Conjurations
 * Level 5.2 Transmutations
 * Level 14.4 Earth Magic


You had 13 spell levels left.
You knew the following spells:

 Your Spells              Type           Power      Damage    Failure   Level
a - Sandblast             Erth           100%       2d20      0%          1
b - Stone Arrow           Conj/Erth      100%       3d13      1%          3
c - Petrify               Tmut/Erth      69%        N/A       1%          4
d - Fulminant Prism       Conj/Hex       29%        3d14      1%          4
e - Iskenderun's Battles  Conj           82%        2d13      1%          5
f - Swiftness             Air            20%        N/A       7%          3
g - Fireball              Conj/Fire      29%        3d13      3%          5
h - Ice Form              Ice/Tmut       36%        N/A       8%          4

Your spell library contained the following spells:

 Spells                   Type           Power      Damage    Failure   Level
 Beastly Appendage        Tmut           100%       N/A       1%          1
 Sting                    Tmut/Pois      100%       1d8       1%          1
 Passwall                 Tmut/Erth      57%        N/A       1%          2
 Wereblood                Tmut           52%        N/A       1%          2
 Flame Wave               Conj/Fire      59%        2d11      1%          4
 Hailstorm                Conj/Ice       59%        3d13      1%          4
 Animate Skeleton         Necr           40%        N/A       2%          1
 Apportation              Tloc           40%        N/A       2%          1
 Summon Small Mammal      Summ           80%        N/A       2%          1
 Spider Form              Tmut/Pois      36%        N/A       2%          3
 Corpse Rot               Necr/Air       40%        N/A       3%          2
 Ensorcelled Hibernation  Hex/Ice        40%        N/A       3%          2
 Poisonous Vapours        Pois/Air       40%        N/A       3%          2
 Borgnjor's Vile Clutch   Necr/Erth      30%        N/A       3%          5
 Orb of Destruction       Conj           41%        9d11      6%          7
 Gell's Gravitas          Tloc           20%        N/A       7%          3
 Inner Flame              Hex/Fire       20%        N/A       7%          3
 Teleport Other           Tloc           20%        N/A       7%          3
 Conjure Ball Lightning   Conj/Air       29%        3x3d8     21%         6
 Animate Dead             Necr           10%        N/A       24%         4
 Cause Fear               Hex            10%        N/A       24%         4
 Dispel Undead            Necr           20%        3d11      24%         4
 Olgreb's Toxic Radiance  Pois           20%        N/A       24%         4
 Summon Ice Beast         Ice/Summ       20%        N/A       24%         4
 Summon Mana Viper        Hex/Summ       20%        N/A       54%         5
 Death Channel            Necr           10%        N/A       98%         6
 Dispersal                Tloc           10%        N/A       98%         6
 Simulacrum               Ice/Necr       10%        N/A       98%         6
 Monstrous Menagerie      Summ           10%        N/A       100%        7
 Ozocubu's Refrigeration  Ice            10%        4d7       100%        7
 Discord                  Hex            10%        N/A       100%        8
 Ignition                 Fire           10%        3d5       100%        8


Dungeon Overview and Level Annotations

Branches:
Dungeon (15/15)            Temple (1/1) D:5            Lair (6/6) D:8
 Shoals (1/4) Lair:4        Snake (3/4) Lair:2        Slime (0/5) Lair:5
    Orc (2/2) D:12            Elf (0/3) Orc:2        Vaults (0/5) D:13
 Depths (0/4) D:15

Altars:
Ashenzari
Cheibriados
Dithmenos
Elyvilon
Fedhas
Gozag
Hepliaklqana
Kikubaaqudgha
Makhleb
Nemelex Xobeh
Okawaru
Qazlal
Ru
Sif Muna
Trog
Uskayaw
Vehumet
Wu Jian
Xom
Yredelemnul
Zin
The Shining One
Jiyva

Shops:
D:5 :   Orc:2 *[![   Snake:1 (

Annotations:
D:11 4 runed translucent doors
Snake:2 Saint Roka


Innate Abilities, Weirdness & Mutations

You are a creature of crystalline ice.
You have a powerful freezing melee attack.
Your maximum health is increased.
Your armour is entirely melded.
You are incapable of wielding weapons or throwing items.
You cannot wear most types of armour.
You are amphibious.
You can wear up to eight rings at the same time.
((Your skin changes colour to match your surroundings (Stealth+).))
((Your rubbery body absorbs attacks. (AC +1, EV +1)))
((You are camouflaged when in or above water. (Stealth+)))
((You have tentacles for arms and can constrict up to eight enemies at once.))


Message History

The naga barely misses you. The naga constricts you.
The guardian serpent casts a spell at you.
The salamander blinks!
The naga mage blinks!
The naga warrior blinks!
Unknown command.
You feel yourself speed up.
The naga warrior hits you with a +0 trident.
The salamander unwields a +0 shortbow of flaming.
It stops flaming.
The salamander barely misses you. The naga spits poison at you.
The splash of poison hits you but does no damage.
You resist. The naga constricts you. The naga mage spits poison at you.
The splash of poison hits you.
You are poisoned.
You resist. The naga warrior closely misses you.
You escape the naga's grasp.
You feel sick. The salamander completely misses you.
The naga warrior hits you with a +0 trident!!
* * * LOW HITPOINT WARNING * * *
The naga warrior grabs you. The naga warrior constricts you.
Unknown command.
As you read the scroll of fear, it crumbles to dust.
You assume a fearsome visage.
The naga mage looks frightened!
The guardian serpent looks frightened!
The naga warrior looks frightened!
The naga warrior easily resists.
The salamander looks frightened!
The naga looks frightened! x2; You feel sick.
The naga warrior spits poison at you.
The splash of poison hits you but does no damage.
You are more poisoned.
You resist. The naga warrior constricts you.
* * * LOW HITPOINT WARNING * * *
Okay, then.
You escape the naga warrior's grasp.
* * * LOW HITPOINT WARNING * * *
You feel very sick.
You feel better.
The naga warrior hits you from afar with a +0 trident!
* * * LOW HITPOINT WARNING * * *
The naga warrior hits you from afar with a +0 trident!!!
You die...

#################
######.....N....N.N..###
####............N....N)....
###.....................)....
#..........N....Y.#####......
................### #####.
..<.............#
................#
..................
......)...........
.................
................
............##.


You could see 2 naga warriors, a salamander (strong, fleeing), a naga mage
(strong, fleeing) and 2 nagas.

Vanquished Creatures
  Rupert (D:12)
  Asterion (Snake:2)
  Donald (Shoals:1)
  2 nagarajas (Snake:2)
  Nessos (D:13)
  Snorg (Lair:4)
  A fire dragon (D:14)
  An ettin (D:15)
  Josephine (D:13)
  A rakshasa (D:11)
  Harold (D:11)
  5 naga warriors (Snake:2)
  5 boulder beetles
  Erica (D:9)
  2 merfolk avatars (Shoals:1)
  A catoblepas (D:13)
  3 death knights
  2 anacondas (Snake:1)
  8 centaur warriors
  13 hydras
  4 death yaks
  7 two-headed ogres
  3 orc high priests (Orc:2)
  A hell knight (D:15)
  2 naga sharpshooters (Snake:1)
  2 shock serpents (Snake:1)
  Sonja (Orc:1)
  2 salamander mystics (Snake:2)
  10 skeletal warriors
  A fire crab (shapeshifter) (D:15)
  A fire crab (D:15)
  2 deep trolls (D:15)
  A steelbarb worm (shapeshifter) (D:13)
  A naga ritualist (Snake:1)
  A lindwurm (Lair:6)
  Pikel (D:5)
  A phantasmal warrior (D:12)
  6 orc knights
  7 mana vipers
  A necromancer (D:15)
  2 deep elf pyromancers (D:15)
  4 manticores
  5 orc sorcerers
  12 ugly things
  3 cyclopes
  10 elephants
  2 salamanders (Snake:2)
  A guardian serpent (Snake:2)
  Maurice (Orc:1)
  19 black mambas
  A water nymph (Shoals:1)
  3 gargoyles
  7 naga magi
  3 torpor snails (Lair:6)
  15 cane toads
  Psyche (D:12)
  A kobold demonologist (D:10)
  7 komodo dragons
  5 rime drakes
  A tengu conjurer (D:15)
  2 efreet
  5 freezing wraiths
  2 polar bears
  A merfolk (Shoals:1)
  3 meliai (D:13)
  4 trolls
  8 blink frogs
  4 slime creatures (D:12)
  9 dream sheep (Lair:6)
  8 wraiths
  5 water elementals
  3 shadows
  42 yaks
  A vampire (D:12)
  Eustachio (D:5)
  3 wyverns
  4 basilisks
  14 humans
  A steam dragon (D:9)
  10 vampire mosquitoes
  Edmund (D:6)
  3 wargs
  14 water moccasins
  4 acid dragons
  14 nagas
  Pargi (D:3)
  3 necrophages
  27 orc warriors
  A sky beast (D:7)
  A swamp drake (Lair:1)
  2 black bears
  2 ice beasts (D:4)
  6 ogres
  5 boggarts (D:14)
  21 centaurs
  11 wolves
  The ghost of daodarkstar the Skirmisher, an amateur DsFi (D:3)
  21 kobold brigands
  6 bullfrogs
  3 gnoll sergeants
  2 wyvern zombies (D:8)
  2 scorpions
  2 water moccasin skeletons
  19 killer bees
  8 wights
  7 electric eels
  3 howler monkeys (D:12)
  7 crimson imps (D:7)
  4 lava snakes (Lair:2)
  A bullfrog zombie (D:7)
  2 hounds
  A centaur zombie (D:9)
  Crazy Yiuf (D:7)
  A centaur skeleton (D:5)
  A gnoll shaman (D:4)
  22 orc priests
  3 iguanas
  A jelly (D:4)
  A bullfrog skeleton (D:6)
  Terence (D:3)
  Natasha (thrice) (D:3)
  28 orc wizards
  A killer bee zombie (D:7)
  A howler monkey zombie (D:7)
  Robin (D:3)
  23 gnolls
  7 adders
  2 shadow imps
  3 white imps
  A worm (D:2)
  3 dart slugs
  53 orcs
  An endoplasm (D:2)
  4 giant cockroaches (D:1)
  14 goblins
  12 hobgoblins
  3 jackals (D:1)
  14 kobolds
  3 quokkas
  9 ball pythons
  7 bats
  2 frilled lizards
  5 rats
776 creatures vanquished.

Vanquished Creatures (others)
  2 humans (D:13)
  A vampire mosquito (D:13)
  44 fulminant prisms
  48 fungi
  99 plants
194 creatures vanquished.

Grand Total: 970 creatures vanquished

Notes
Turn   | Place    | Note
-------+----------+-------------------------------------------
     0 | D:1      | Kaptain the Octopode Earth Elementalist began the quest for
                  | the Orb.
     0 | D:1      | Reached XP level 1. HP: 11/11 MP: 3/3
    39 | D:1      | Found a faded altar of an unknown god.
   147 | D:1      | Reached XP level 2. HP: 18/18 MP: 1/5
   614 | D:1      | Reached skill level 1 in Fighting
   874 | D:1      | Reached XP level 3. HP: 23/23 MP: 2/6
   878 | D:1      | Learned a level 3 spell: Stone Arrow
  1774 | D:2      | Reached XP level 4. HP: 28/28 MP: 7/7
  2373 | D:2      | Reached skill level 1 in Conjurations
  2609 | D:3      | Noticed Terence
  2731 | D:3      | Reached XP level 5. HP: 34/34 MP: 3/9
  2840 | D:3      | Noticed Robin
  2932 | D:3      | Killed Robin
  3266 | D:3      | Noticed Natasha
  3271 | D:3      | Killed Natasha
  3398 | D:3      | Killed Terence
  3399 | D:3      | Reached XP level 6. HP: 36/39 MP: 5/10
  3502 | D:3      | Noticed Natasha
  3503 | D:3      | Noticed Pargi
  3508 | D:3      | Killed Natasha
  3521 | D:3      | Found a large runed translucent door.
  3522 | D:3      | Found a large runed translucent door.
  3525 | D:3      | Noticed daodarkstar's ghost (amateur DsFi)
  3956 | D:3      | Killed Pargi
  4122 | D:3      | Noticed Natasha
  4125 | D:3      | Killed Natasha
  4208 | D:3      | HP: 1/41 [daodarkstar's ghost (12)]
  4211 | D:3      | Killed daodarkstar's ghost
  4212 | D:3      | Reached XP level 7. HP: 1/45 MP: 6/12
  4702 | D:4      | Learned a level 4 spell: Petrify
  4792 | D:4      | Found a transporter.
  5426 | D:4      | Found a transporter.
  5756 | D:5      | Entered Level 5 of the Dungeon
  5760 | D:5      | Found a staircase to the Ecumenical Temple.
  5782 | D:5      | Noticed Pikel
  5786 | D:5      | Killed Pikel
  5787 | D:5      | Reached skill level 5 in Stealth
  5787 | D:5      | Reached skill level 5 in Earth Magic
  5787 | D:5      | Reached XP level 8. HP: 54/54 MP: 1/14
  5790 | Temple   | Entered the Ecumenical Temple
  6136 | D:5      | Noticed Eustachio
  6138 | D:5      | Killed Eustachio
  6465 | D:5      | Reached skill level 5 in Spellcasting
  6465 | D:5      | Reached XP level 9. HP: 59/59 MP: 9/16
  6562 | D:5      | Found Pooreck's Book Shoppe.
  6763 | D:5      | Got the Guide on Venomous Confrontation
  6966 | D:6      | Identified the +2 leather armour of Vyt Ano {Str+4 Dex+3}
  7172 | D:6      | Noticed Edmund
  7179 | D:6      | Killed Edmund
  7180 | D:6      | Reached skill level 5 in Fighting
  7338 | D:6      | Reached skill level 5 in Conjurations
  7494 | D:6      | Found a shimmering altar of Xom.
  7628 | D:6      | Learned a level 4 spell: Fulminant Prism
  9068 | D:7      | Reached XP level 10. HP: 67/67 MP: 15/19
  9667 | D:7      | Found a runed translucent door.
  9668 | D:7      | Noticed Crazy Yiuf
  9860 | D:7      | Noticed a two-headed ogre
  9866 | D:7      | Killed a two-headed ogre
  9867 | D:7      | Reached skill level 5 in Dodging
 10149 | D:7      | Killed Crazy Yiuf
 10704 | D:8      | Noticed a death yak
 10704 | D:8      | Noticed a death yak
 10705 | D:8      | Noticed a death yak
 10705 | D:8      | Noticed a death yak
 10706 | D:8      | Noticed a death yak
 11164 | D:8      | Reached skill level 1 in Shields
 11417 | D:8      | Found a staircase to the Lair.
 11442 | Lair:1   | Entered Level 1 of the Lair of Beasts
 11608 | Lair:1   | Noticed a four-headed hydra
 11611 | Lair:1   | Noticed a cane toad
 11616 | Lair:1   | Killed a cane toad
 11640 | Lair:1   | Killed a four-headed hydra
 11641 | Lair:1   | Reached XP level 11. HP: 74/74 MP: 9/21
 12144 | Lair:1   | Noticed an eight-headed hydra
 12153 | Lair:1   | Killed an eight-headed hydra
 12899 | Lair:1   | Noticed a seven-headed hydra
 12905 | Lair:1   | Killed a seven-headed hydra
 13965 | Lair:1   | Learned a level 5 spell: Iskenderun's Battlesphere
 14162 | Lair:2   | Found a staircase to the Snake Pit.
 14732 | Lair:2   | Noticed a six-headed hydra
 14737 | Lair:2   | Killed a six-headed hydra
 14996 | Lair:2   | Learned a level 3 spell: Swiftness
 15011 | Lair:2   | Reached XP level 12. HP: 83/83 MP: 2/24
 15016 | Lair:2   | Noticed a four-headed hydra
 15343 | Lair:2   | Identified the +5 quarterstaff "Essuog" {vorpal, *Rage
                  | rElec Dex+4}
 15938 | Lair:2   | Killed a four-headed hydra
 16209 | Lair:3   | Noticed a six-headed hydra
 16213 | Lair:3   | Killed a six-headed hydra
 16358 | Lair:3   | Noticed a boulder beetle
 16366 | Lair:3   | HP: 3/84 [boulder beetle (25)]
 16368 | Lair:3   | Killed a boulder beetle
 16756 | Lair:3   | Identified the +10 mace of Theory {vamp, Str+4 Dex+2 SInv
                  | Stlth+}
 17371 | Lair:3   | Learned a level 5 spell: Fireball
 17389 | Lair:4   | Noticed Snorg
 17678 | Lair:4   | Killed Snorg
 17841 | Lair:4   | Noticed a four-headed hydra
 17846 | Lair:4   | Killed a four-headed hydra
 17847 | Lair:4   | Reached skill level 10 in Earth Magic
 18057 | Lair:4   | Found a staircase to the Shoals.
 19365 | Lair:5   | Noticed a six-headed hydra
 19370 | Lair:5   | Killed a six-headed hydra
 19750 | Lair:5   | Identified the ring "Caeparghu" {rElec rF+ Dex-2 Slay+4
                  | SInv}
 19905 | Lair:5   | Got the Reference Book on the Entourage
 20030 | Lair:5   | Found a staircase to the Slime Pits.
 20030 | Lair:5   | Found a viscous altar of Jiyva.
 20695 | Lair:6   | Entered Level 6 of the Lair of Beasts
 20798 | Lair:6   | Reached skill level 5 in Shields
 20798 | Lair:6   | Reached XP level 13. HP: 85/90 MP: 7/26
 21137 | Lair:6   | Reached skill level 10 in Conjurations
 21888 | Lair:6   | Reached skill level 10 in Fighting
 22272 | Lair:6   | Reached skill level 10 in Spellcasting
 23718 | D:9      | Noticed Erica
 23722 | D:9      | Killed Erica
 25051 | D:10     | Entered Level 10 of the Dungeon
 26497 | D:11     | Reached XP level 14. HP: 99/99 MP: 14/28
 26662 | D:11     | Found a large runed translucent door.
 26662 | D:11     | Found a large runed translucent door.
 26663 | D:11     | You are sucked into a shaft and drop 1 floor!
 26853 | D:11     | Noticed Harold
 26860 | D:11     | Killed Harold
 27622 | D:11     | Found a large runed translucent door.
 27622 | D:11     | Found a large runed translucent door.
 28026 | D:11     | Identified the +1 helmet "Apsiatiu" {-Cast rElec rC+ Str+2}
 28579 | D:12     | Found a staircase to the Orcish Mines.
 28787 | Orc:1    | Entered Level 1 of the Orcish Mines
 28802 | Orc:1    | Noticed Sonja
 28811 | Orc:1    | Killed Sonja
 28997 | Orc:1    | Noticed Maurice
 29005 | Orc:1    | Killed Maurice
 30057 | Orc:2    | Entered Level 2 of the Orcish Mines
 30962 | Orc:2    | Found a staircase to the Elven Halls.
 31591 | Orc:2    | Found Ceog's General Store.
 32836 | Orc:2    | Found Gulatoh's Distillery.
 32980 | Orc:2    | Found Ubbiri's Antique Armour Shoppe.
 32982 | Orc:2    | Found Voogriq's Armour Boutique.
 33299 | D:12     | Noticed Psyche
 33307 | D:12     | Killed Psyche
 33908 | D:12     | Reached XP level 15. HP: 108/108 MP: 3/30
 37187 | Shoals:1 | Entered Level 1 of the Shoals
 37187 | Shoals:1 | Noticed Donald
 37195 | Shoals:1 | Killed Donald
 37961 | D:13     | Noticed Nessos
 37961 | D:13     | Noticed Rupert
 37961 | D:13     | Found a gate to the Vaults.
 37967 | D:13     | Killed Nessos
 37975 | D:12     | HP: 5/108 [poisoned by Nessos]
 37988 | D:12     | Paralysed by Rupert for 7 turns
 38001 | D:12     | Killed Rupert
 39081 | D:13     | Noticed Josephine
 39317 | D:13     | Killed Josephine
 41086 | D:12     | Reached XP level 16. HP: 116/116 MP: 17/32
 42092 | D:14     | Found an opulent altar of Gozag.
 43599 | D:15     | Entered Level 15 of the Dungeon
 45172 | D:15     | Found a staircase to the Depths.
 45971 | Snake:1  | Entered Level 1 of the Snake Pit
 46776 | Snake:1  | Learned a level 4 spell: Ice Form
 47428 | Snake:1  | Found Oneoxzom's Antique Weapon Shop.
 47446 | Snake:1  | Bought a polished short sword for 272 gold pieces
 47446 | Snake:1  | Identified the +1 short sword "Xiegues" {vorpal, +Blink
                  | Str-4 Int+3} (You bought it in a shop on level 1 of the
                  | Snake Pit)
 48276 | Snake:2  | Noticed a nagaraja
 48281 | Snake:2  | Killed a nagaraja
 48709 | Snake:2  | Noticed Asterion
 48723 | Snake:2  | HP: 4/110 [Asterion/bolt of negative energy (35)]
 49476 | Snake:2  | Noticed a nagaraja
 49485 | Snake:2  | Killed a nagaraja
 50570 | Snake:2  | Killed Asterion
 50803 | Snake:2  | Reached XP level 17. HP: 121/121 MP: 20/34
 50960 | Snake:2  | Found a burning altar of Makhleb.
 51117 | Snake:2  | Reached skill level 5 in Transmutations
 51968 | Snake:2  | Noticed Saint Roka
 52089 | Snake:3  | Identified the +5 hunting sling "Qysive" {freeze, rC+ MP+9
                  | Int+3 Dex+3}
 52134 | Snake:3  | Annihilated by a naga warrior

Illustrated notes

Levels and vault maps discovered:
D:1:      minmay_arrival_hallway, layout_loops_ring,
          hellmonk_ecumenical_altar_blasted
D:2:      cheibrodos_old_hovel, layout_basic, minmay_misc_feat_roman,
          minmay_parallelograms
D:3:      layout_basic, ebering_ghost_disaster_area, st_stairs_2, uniq_natasha,
          uniq_robin, uniq_terence, uniq_pargi
D:4:      gammafunk_cloud_chamber, layout_loops_ring
D:5:      layout_basic, minmay_temple_entry_steel_oval, serial_shops,
          shop_fountains, guppyfry_early_lair_pool, uniq_eustachio, uniq_pikel
D:6:      layout_gridville, mainiacjoe_overflow_concentric_impassable,
          uniq_edmund
D:7:      layout_gridville, minmay_nine_imps, uniq_crazy_yiuf_cottage
D:8:      layout_basic, dpeg_lair_monsters
D:9:      layout_cave_pods, uniq_erica
D:10:     layout_roguey [special_room_kobold], serial_bayou_crossing
D:11:     layout_roguey, minmay_hollow_rounded_squares, uniq_harold
D:12:     layout_basic, orc_0_dummy, portal_ice_cave_entry_pillars_1,
          uniq_psyche
D:13:     layout_roguey, david_vaults_3, minmay_microvault, uniq_josephine
D:14:     layout_loops_ring, grunt_gozag_breadcrumbs, st_stairs_7
D:15:     hangedman_depths_entry_civil_slaughter, layout_basic,
          serial_bayou_shore_a
Temple:   mainiacjoe_temple_hex_bubbles
Lair:1:   layout_gridlike, hibernation_bobbens
Lair:2:   layout_concentric_octagons, guppyfry_snake_entry_garden,
          nicolae_lair_liquid_snakes
Lair:3:   layout_roguey, lemuel_old_faithful, serial_bayou_shore_b
Lair:4:   layout_roguey, minmay_shoals_entry_centaurs, uniq_snorg
Lair:5:   layout_cave_pods, slime_altar_1
Lair:6:   hangedman_lair_in_review, layout_regular_city, uniq_nessos,
          uniq_rupert
Shoals:1: layout_shoals, uniq_donald, uniq_frances, uniq_louise
Snake:1:  layout_honeycomb, serial_shops,
          nicolae_shop_temple_entry_statues_fountains
Snake:2:  layout_grid_maze, basic_altar, serial_bayou_pond_a, uniq_asterion,
          uniq_saint_roka
Snake:3:  layout_onion
Orc:1:    layout_caves, uniq_sonja, uniq_maurice
Orc:2:    st_orc_elflike, layout_diamond_mine

Skill      XL: |  1  2  3  4  5  6  7  8  9 10 11 12 13 14 15 16 17 |
---------------+----------------------------------------------------+-----
Fighting       | 1 2 4 5 6 8 9 10 11 12 13 | 13.7
Stealth        | 3 4 5 6 7 |  7.3
Conjurations   | 1 2 4 5 7 8 9 10 12 13 14 | 14.0
Spellcasting   | 3 4 5 6 7 8 9 10 11 12 13 | 13.2
Earth Magic    | 4 5 6 8 9 10 11 12 13 14 | 14.4
Dodging        | 3 4 5 6 7 |  7.5
Shields        | 1 3 5 6 7 8 |  8.9
Transmutations | 2 4 5 |  5.2

Action                   |  1- 3 |  4- 6 |  7- 9 | 10-12 | 13-15 | 16-18 || total
-------------------------+-------+-------+-------+-------+-------+-------++-------
Melee: Dagger            |    13 |       |       |       |       |       ||    13
       Tentacles         |     5 |       |       |       |     7 |     4 ||    16
       Constrict         |     3 |       |       |       |     6 |       ||     9
       Staff             |     2 |       |       |       |     7 |     1 ||    10
       Mace              |       |       |       |       |    14 |       ||    14
       Punch             |       |       |       |       |     3 |       ||     3
       Trident           |       |       |       |       |    18 |     6 ||    24
       Unarmed           |       |       |       |       |       |     6 ||     6
Throw: Dart              |    22 |     1 |     4 |     9 |       |       ||    36
       Javelin           |    19 |    43 |    12 |    10 |       |     2 ||    86
       Stone             |     2 |     2 |       |       |       |       ||     4
 Cast: Sandblast         |    30 |    45 |    13 |    41 |    52 |     6 ||   187
       Stone Arrow       |     2 |    18 |    88 |   223 |   587 |   304 ||  1222
       Iskenderun's Batt |       |       |       |    62 |   166 |    80 ||   308
       Fulminant Prism   |       |       |       |       |    22 |    22 ||    44
       Ice Form          |       |       |       |       |       |    20 ||    20
Evoke: Wand              |       |       |       |     1 |     7 |     7 ||    15
  Use: Scroll            |       |     7 |     5 |     8 |    11 |     4 ||    35
       Potion            |       |     1 |     1 |     2 |     4 |     6 ||    14
 Stab: Sleeping          |     1 |       |       |       |       |       ||     1
       Paralysed         |       |       |       |       |       |     6 ||     6
Armor: Skin              |       |     2 |       |     5 |    17 |    26 ||    50
Dodge: Dodged            |    18 |    66 |    22 |    94 |   147 |   128 ||   475
Block: Kite shield       |       |       |       |       |   102 |    47 ||   149
       Reflection        |       |       |       |       |    13 |    18 ||    31
